[ AOE2 MATCH · #479587560 ]
1v1 RMJapanese vs Britons
Player's team · LOSS
Rival team · WIN
[ REPLAY ANALYSIS · EXTRACTED FROM THE RECORDED GAME ]
Feudal
10:47
Castle
16:05
Imperial
—
| APM avg | 46.5 |
| APM peak | 75 |
| eAPM avg | 24.9 |
| Villagers / military | 68 / 55 |
Focus
⚔️ 28.7% · 🌾 71.3%
Samurai ×26 · Battering Ram ×22 · Fishing Ship ×15 · Scorpion ×7 · Unknown (2626) ×1
Feudal
10:39
Castle
17:36
Imperial
30:18
| APM avg | 54.8 |
| APM peak | 99 |
| eAPM avg | 28.7 |
| Villagers / military | 140 / 48 |
Focus
⚔️ 20.9% · 🌾 79.1%
Archer ×28 · Longbowman ×15 · Mangonel ×4 · Battering Ram ×1
Match map
Resources at game start + every placement click. Thick line = wall · dashed box = detected house wall. 🟡 gold · ⚪ stone · 🟢 berries · 🔶 boar · ⭕ relic
Inputs per minute
— Pill - - LordCardigan
Build order — Pill
First 150 of 221 actions detected
| 0:01 | Create | Villager (Male) |
| 0:02 | Create | Villager (Male) |
| 0:02 | Create | Villager (Male) |
| 0:02 | Build | House |
| 0:03 | Build | House |
| 0:21 | Create | Villager (Male) |
| 0:21 | Create | Villager (Male) |
| 1:24 | Create | Villager (Male) |
| 1:44 | Build | Lumber Camp |
| 2:07 | Create | Villager (Male) |
| 2:27 | Create | Villager (Male) |
| 2:54 | Create | Villager (Male) |
| 3:10 | Create | Villager (Male) |
| 3:40 | Create | Villager (Male) |
| 3:40 | Create | Villager (Male) |
| 3:50 | Build | House |
| 4:03 | Create | Villager (Male) |
| 4:40 | Create | Villager (Male) |
| 4:40 | Create | Villager (Male) |
| 4:49 | Build | Mill |
| 5:00 | Create | Villager (Male) |
| 5:00 | Create | Villager (Male) |
| 5:20 | Build | Dock |
| 5:31 | Build | House |
| 5:37 | Create | Villager (Male) |
| 5:44 | Create | Villager (Male) |
| 5:57 | Create | Villager (Male) |
| 6:05 | Create | Fishing Ship |
| 6:05 | Create | Fishing Ship |
| 6:28 | Build | House |
| 6:32 | Create | Villager (Male) |
| 6:37 | Research | Loom |
| 7:04 | Build | House |
| 7:05 | Build | Palisade Wall |
| 7:06 | Create | Villager (Male) |
| 7:46 | Create | Fishing Ship |
| 8:09 | Create | Villager (Male) |
| 8:16 | Build | Mill |
| 8:37 | Research | Feudal Age |
| 8:38 | Research | Feudal Age |
| 8:55 | Build | House |
| 9:07 | Build | Mining Camp |
| 9:13 | Create | Fishing Ship |
| 9:19 | Build | Palisade Wall |
| 9:36 | Build | Palisade Wall |
| 10:12 | Build | Palisade Wall |
| 10:18 | Create | Fishing Ship |
| 10:28 | Build | Palisade Wall |
| 10:47 | Age | Feudal Age |
| 10:56 | Build | Barracks |
| 11:00 | Build | Palisade Wall |
| 11:07 | Build | Mill |
| 11:14 | Create | Villager (Male) |
| 11:28 | Build | Palisade Wall |
| 11:34 | Build | Building 796 |
| 11:34 | Create | Villager (Male) |
| 11:41 | Create | Villager (Male) |
| 11:47 | Create | Fishing Ship |
| 12:04 | Create | Villager (Male) |
| 12:08 | Create | Villager (Male) |
| 12:26 | Build | Blacksmith |
| 12:46 | Build | Market |
| 12:49 | Create | Villager (Male) |
| 13:19 | Build | Mining Camp |
| 13:25 | Research | Castle Age |
| 13:38 | Research | Double-Bit Axe |
| 13:55 | Build | Palisade Gate |
| 14:03 | Research | Scale Mail Armor |
| 14:14 | Build | Palisade Wall |
| 14:41 | Build | Palisade Wall |
| 14:51 | Research | Horse Collar |
| 15:00 | Create | Fishing Ship |
| 15:19 | Build | House |
| 15:37 | Research | Forging |
| 16:05 | Age | Castle Age |
| 16:11 | Create | Villager (Male) |
| 16:23 | Build | Town Center |
| 16:39 | Build | House |
| 16:46 | Create | Villager (Male) |
| 16:47 | Create | Villager (Male) |
| 16:51 | Create | Villager (Male) |
| 17:23 | Build | Dock |
| 17:24 | Create | Villager (Male) |
| 17:55 | Build | Castle |
| 18:02 | Build | Castle |
| 18:06 | Research | Squires |
| 18:06 | Create | Villager (Male) |
| 18:08 | Create | Fishing Ship |
| 18:08 | Create | Fishing Ship |
| 18:17 | Build | House |
| 18:43 | Build | Lumber Camp |
| 19:06 | Build | House |
| 19:07 | Create | Villager (Male) |
| 19:07 | Create | Villager (Male) |
| 19:12 | Create | Fishing Ship |
| 19:27 | Build | House |
| 19:28 | Build | House |
| 19:28 | Create | Villager (Male) |
| 19:38 | Build | House |
| 19:44 | Create | Villager (Male) |
| 19:48 | Build | Lumber Camp |
| 19:53 | Create | Villager (Male) |
| 19:53 | Create | Villager (Male) |
| 19:53 | Create | Villager (Male) |
| 20:17 | Create | Villager (Male) |
| 20:17 | Create | Villager (Male) |
| 20:34 | Build | Siege Workshop |
| 20:41 | Create | Villager (Male) |
| 21:24 | Build | Siege Workshop |
| 21:26 | Create | Samurai |
| 21:26 | Create | Samurai |
| 21:26 | Create | Samurai |
| 21:27 | Create | Samurai |
| 21:27 | Create | Samurai |
| 21:50 | Create | Scorpion |
| 21:50 | Create | Scorpion |
| 21:59 | Build | Lumber Camp |
| 22:05 | Create | Scorpion |
| 22:27 | Build | Watch Tower |
| 22:37 | Create | Scorpion |
| 22:43 | Build | House |
| 22:56 | Create | Villager (Male) |
| 22:56 | Create | Villager (Male) |
| 23:38 | Create | Villager (Male) |
| 23:42 | Create | Scorpion |
| 23:42 | Create | Scorpion |
| 23:48 | Build | Farm |
| 23:49 | Build | Farm |
| 23:49 | Build | Farm |
| 23:50 | Build | Farm |
| 23:55 | Create | Villager (Male) |
| 24:19 | Build | Lumber Camp |
| 24:20 | Create | Villager (Male) |
| 24:46 | Create | Villager (Male) |
| 25:11 | Create | Villager (Male) |
| 25:23 | Build | Lumber Camp |
| 25:28 | Create | Scorpion |
| 25:30 | Create | Battering Ram |
| 25:30 | Create | Battering Ram |
| 25:38 | Build | Farm |
| 25:39 | Build | Farm |
| 26:02 | Create | Villager (Male) |
| 26:07 | Build | Watch Tower |
| 26:24 | Create | Battering Ram |
| 26:24 | Create | Battering Ram |
| 26:31 | Build | Watch Tower |
| 26:38 | Build | Lumber Camp |
| 26:38 | Create | Villager (Male) |
| 26:39 | Create | Villager (Male) |
| 26:39 | Create | Villager (Male) |
Build order — LordCardigan
First 150 of 293 actions detected
| 0:00 | Create | Villager (Male) |
| 0:00 | Create | Villager (Male) |
| 0:01 | Build | House |
| 0:02 | Build | House |
| 0:04 | Create | Villager (Male) |
| 0:05 | Create | Villager (Male) |
| 1:10 | Create | Villager (Male) |
| 1:10 | Create | Villager (Male) |
| 1:19 | Build | Lumber Camp |
| 1:45 | Create | Villager (Male) |
| 2:11 | Create | Villager (Male) |
| 2:11 | Create | Villager (Male) |
| 2:31 | Create | Villager (Male) |
| 2:31 | Create | Villager (Male) |
| 3:03 | Create | Villager (Male) |
| 3:38 | Create | Villager (Male) |
| 3:38 | Create | Villager (Male) |
| 3:49 | Build | House |
| 4:10 | Create | Villager (Male) |
| 4:10 | Create | Villager (Male) |
| 4:17 | Build | Mill |
| 4:27 | Create | Villager (Male) |
| 4:51 | Create | Villager (Male) |
| 4:51 | Create | Villager (Male) |
| 5:10 | Build | House |
| 5:12 | Create | Villager (Male) |
| 5:12 | Create | Villager (Male) |
| 5:25 | Create | Villager (Male) |
| 5:25 | Create | Villager (Male) |
| 5:43 | Create | Villager (Male) |
| 5:43 | Create | Villager (Male) |
| 5:43 | Create | Villager (Male) |
| 6:44 | Build | Mining Camp |
| 6:46 | Create | Villager (Male) |
| 7:13 | Build | House |
| 7:39 | Create | Villager (Male) |
| 7:39 | Create | Villager (Male) |
| 8:11 | Research | Feudal Age |
| 8:11 | Research | Feudal Age |
| 8:27 | Create | Villager (Male) |
| 8:31 | Build | Barracks |
| 8:55 | Build | Farm |
| 9:24 | Build | Farm |
| 9:47 | Build | Farm |
| 10:16 | Build | Farm |
| 10:20 | Build | Farm |
| 10:24 | Build | Farm |
| 10:26 | Build | Farm |
| 10:34 | Create | Villager (Male) |
| 10:39 | Age | Feudal Age |
| 10:49 | Research | Double-Bit Axe |
| 10:49 | Research | Double-Bit Axe |
| 10:59 | Build | Farm |
| 11:05 | Research | Loom |
| 11:12 | Create | Villager (Male) |
| 11:13 | Research | Loom |
| 11:20 | Create | Villager (Male) |
| 11:57 | Build | Archery Range |
| 12:04 | Create | Villager (Male) |
| 12:18 | Create | Villager (Male) |
| 12:29 | Build | House |
| 12:34 | Build | Palisade Wall |
| 12:35 | Build | Palisade Wall |
| 12:41 | Create | Villager (Male) |
| 12:46 | Build | Farm |
| 12:56 | Build | House |
| 13:03 | Create | Archer |
| 13:05 | Build | Farm |
| 13:24 | Create | Archer |
| 13:30 | Build | Farm |
| 13:35 | Build | Farm |
| 13:36 | Create | Villager (Male) |
| 13:41 | Create | Archer |
| 13:57 | Create | Villager (Male) |
| 13:57 | Create | Villager (Male) |
| 14:11 | Build | Blacksmith |
| 14:23 | Create | Villager (Male) |
| 14:25 | Create | Archer |
| 14:35 | Build | Farm |
| 14:56 | Research | Castle Age |
| 14:56 | Research | Castle Age |
| 14:56 | Research | Castle Age |
| 15:02 | Create | Archer |
| 15:17 | Build | House |
| 15:21 | Build | House |
| 15:26 | Build | House |
| 15:29 | Create | Archer |
| 15:33 | Build | Farm |
| 15:37 | Create | Villager (Male) |
| 15:46 | Research | Horse Collar |
| 15:47 | Research | Horse Collar |
| 15:53 | Create | Archer |
| 16:10 | Research | Gold Mining |
| 16:15 | Create | Archer |
| 16:32 | Research | Fletching |
| 16:41 | Build | House |
| 16:59 | Create | Archer |
| 17:00 | Create | Villager (Male) |
| 17:01 | Build | House |
| 17:06 | Create | Archer |
| 17:36 | Age | Castle Age |
| 17:39 | Research | Crossbowman (upgrade) |
| 17:58 | Research | Bodkin Arrow |
| 17:58 | Research | Bodkin Arrow |
| 18:08 | Create | Villager (Male) |
| 18:11 | Build | Town Center |
| 18:17 | Create | Villager (Male) |
| 18:34 | Create | Villager (Male) |
| 18:49 | Create | Villager (Male) |
| 18:57 | Create | Villager (Male) |
| 19:08 | Research | Bow Saw |
| 19:08 | Research | Bow Saw |
| 19:24 | Create | Archer |
| 19:24 | Create | Archer |
| 19:25 | Create | Archer |
| 19:30 | Create | Villager (Male) |
| 19:36 | Create | Archer |
| 19:40 | Create | Villager (Male) |
| 19:43 | Create | Archer |
| 19:51 | Build | Farm |
| 19:58 | Create | Villager (Male) |
| 20:04 | Create | Villager (Male) |
| 20:09 | Create | Villager (Male) |
| 20:21 | Create | Villager (Male) |
| 20:31 | Create | Archer |
| 20:33 | Build | Farm |
| 20:35 | Build | Farm |
| 20:35 | Build | Farm |
| 20:39 | Build | House |
| 20:42 | Create | Archer |
| 20:44 | Create | Villager (Male) |
| 20:54 | Research | Padded Archer Armor |
| 20:55 | Research | Padded Archer Armor |
| 21:08 | Create | Villager (Male) |
| 21:09 | Build | Farm |
| 21:11 | Build | Farm |
| 21:18 | Create | Archer |
| 21:18 | Create | Archer |
| 21:33 | Create | Villager (Male) |
| 21:48 | Create | Villager (Male) |
| 21:51 | Create | Villager (Male) |
| 21:55 | Create | Villager (Male) |
| 21:59 | Create | Villager (Male) |
| 22:00 | Build | Farm |
| 22:00 | Build | Farm |
| 22:00 | Build | Farm |
| 22:19 | Build | Archery Range |
| 22:24 | Create | Villager (Male) |
| 22:33 | Create | Archer |
| 22:34 | Create | Archer |
Match timeline
| 5:20 | Pill · first_building Dock |
| 7:05 | Pill · wall_segment Palisade Wall x7 |
| 8:31 | LordCardigan · first_building Barracks |
| 9:19 | Pill · wall_segment Palisade Wall x8 |
| 9:36 | Pill · wall_segment Palisade Wall x6 |
| 10:12 | Pill · wall_segment Palisade Wall x3 |
| 10:28 | Pill · wall_segment Palisade Wall x9 |
| 10:39 | LordCardigan · age_up feudal |
| 10:47 | Pill · age_up feudal |
| 10:56 | Pill · first_building Barracks |
| 11:00 | Pill · wall_segment Palisade Wall x5 |
| 11:28 | Pill · wall_segment Palisade Wall x11 |
| 11:57 | LordCardigan · first_building Archery Range |
| 12:34 | LordCardigan · wall_segment Palisade Wall x3 |
| 12:35 | LordCardigan · wall_segment Palisade Wall x4 |
| 14:14 | Pill · wall_segment Palisade Wall x2 |
| 14:41 | Pill · wall_segment Palisade Wall x5 |
| 16:05 | Pill · age_up castle |
| 16:16 | Pill · first_market_buy 100 wood |
| 17:36 | LordCardigan · age_up castle |
| 17:55 | Pill · first_building Castle |
| 20:34 | Pill · first_building Siege Workshop |
| 26:23 | LordCardigan · first_building Siege Workshop |
| 29:07 | LordCardigan · first_market_sell 100 wood |
| 29:10 | LordCardigan · first_market_buy 100 stone |
| 30:18 | LordCardigan · age_up imperial |
| 30:25 | LordCardigan · first_building Castle |
| 30:35 | Pill · first_market_sell 100 wood |
| 34:11 | Pill · resign |
[ AI ANALYSIS · 1 CREDIT ]
What really happened in this match?
Wolo.gg analyzes every decision: build order, eco, micro, common mistakes by bracket. Personalized analysis on WhatsApp or Discord in 30 seconds.
Civ guide
Japanese
Map guide
Isthmus
Perfil
Pill